 Dungeon Crawl Stone Soup version 0.27-a0-780-geb8d7bc690 (webtiles) character file.

Game seed: 7416789329840158638

168 DarkShadow the Covered (level 5, -2/47 HPs)
             Began as a Minotaur Fighter on Mar 26, 2021.
             Splashed by an acid dragon's acid (9 damage)
             ... on level 4 of the Dungeon.
             The game lasted 00:05:08 (2793 turns).

DarkShadow the Covered (Minotaur Fighter)           Turns: 2793, Time: 00:05:09

Health: -2/47      AC:  0    Str: 21    XL:     5   Next: 24%
Magic:  4/4        EV:  7    Int:  5    God:
Gold:   222        SH: 10    Dex: 10    Spells: 4/4 levels left

rFire    . . .     SeeInvis .   a - +0 war axe
rCold    . . .     Faith    .   c - +1 kite shield
rNeg     . . .     Spirit   .   b - +0 scale mail
rPois    .         Reflect  .   (helmet restricted)
rElec    .         Harm     .   (no cloak)
rCorr    .         Rampage  .   (no gloves)
Will     .....                  (no boots)
Stlth    ..........             (no amulet)
HPRegen  0.15/turn              (no ring)
MPRegen  0.09/turn              (no ring)

@: corroded
A: horns 2, retaliatory headbutt
a: no special abilities


You were on level 4 of the Dungeon.
You visited 1 branch of the dungeon, and saw 4 of its levels.

You collected 222 gold pieces.

Inventory:

Hand Weapons
 a - a +0 war axe (weapon)
Armour
 b - a +0 scale mail (worn)
 c - a +1 kite shield (worn)
Potions
 d - a potion of might
 f - a potion of curing {unknown}
 g - a potion of flight {unknown}
 i - a potion of mutation {unknown}
 j - a potion of magic {unknown}


   Skills:
 + Level 4.4 Fighting
 + Level 4.2 Axes
 + Level 4.8 Armour
 + Level 0.5 Dodging
 + Level 4.6 Shields


You had 4 spell levels left.
You didn't know any spells.
Your spell library was empty.

Dungeon Overview and Level Annotations

Branches:
Dungeon (4/15)
 Temple: D:4-7

Altars:
Ru

Shops:
D:1 [   D:3 *

Annotations:
D:4 Sigmund


Innate Abilities, Weirdness & Mutations

You have a pair of horns on your head.
You reflexively headbutt those who attack you in melee.


Message History

You closely miss the scorpion.
The scorpion is moderately wounded.
The scorpion stings you but does no damage.
You hit the scorpion but do no damage.
The scorpion is moderately wounded.
The scorpion stings you but does no damage.
You block the scorpion's attack.
You hit the scorpion. You headbutt the scorpion!
You kill the scorpion!
Your life force feels restored.
You have reached level 5!
Things that are here:
a +0 dagger of draining; a scorpion corpse; a kobold corpse
Things that are here:
a +0 dagger of draining; a scorpion corpse; a kobold corpse
Found 6 gold pieces.
An acid dragon comes into view.
Sigmund the Dreaded comes into view.
He is wielding a +0 scythe.
Sigmund shouts!
The acid dragon roars!
Sigmund screams, "Only death can liberate you!"
Sigmund moves out of view.
Sigmund points at you and mumbles some strange words.
The magic dart hits you. The acid dragon spits acid at you.
The splash of acid hits you! The acid corrodes you!
You are splashed with acid!
Sigmund drinks a potion.
Sigmund seems to grow stronger.
You block Sigmund's attack.
You hit Sigmund. Your headbutt misses Sigmund.
Sigmund is lightly wounded.
Sigmund points at you and mumbles some strange words.
The magic dart hits you!
You slash Sigmund!
Sigmund is moderately wounded.
You block Sigmund's attack. Sigmund hits you with a +0 scythe.
* * * LOW HITPOINT WARNING * * *
The acid dragon spits acid at you. The splash of acid hits you!
* * * LOW HITPOINT WARNING * * *
The acid corrodes you!
You are splashed with acid!
You die...

#.# #.###.... #.#
#..##.... #.# #..##...
#.# #...#.##### #.#
#.........# #.#
#.........#
#.##########.$.......#
#...............D....#
###############.@#####
#.@# ##.# #.. #..#
#..# #..# ##.#


You could see Sigmund (strong) and an acid dragon (catching breath).

Vanquished Creatures
  A scorpion (D:4)
  A bullfrog skeleton (D:2)
  An adder (D:3)
  3 worms (D:2)
  2 dart slugs
  3 orcs (D:3)
  5 ball pythons
  8 endoplasms
  2 giant cockroaches
  3 goblins
  5 hobgoblins
  5 jackals
  2 quokkas
  2 bats (D:1)
  7 frilled lizards
  9 kobolds
  A rat (D:2)
60 creatures vanquished.

Notes
Turn   | Place    | Note
-------+----------+-------------------------------------------
     0 | D:1      | DarkShadow the Minotaur Fighter began the quest for the
                  | Orb.
     0 | D:1      | Reached XP level 1. HP: 19/19 MP: 0/0
   202 | D:1      | Found Lesaugo's Armour Boutique.
   215 | D:1      | Reached XP level 2. HP: 25/27 MP: 1/1
   390 | D:1      | Reached XP level 3. HP: 27/33 MP: 2/2
  1121 | D:2      | Reached XP level 4. HP: 25/40 MP: 3/3
  2295 | D:3      | Found a sacrificial altar of Ru.
  2314 | D:3      | Found Zibum's Assorted Antiques.
  2759 | D:4      | Reached XP level 5. HP: 46/47 MP: 4/4
  2783 | D:4      | Noticed an acid dragon
  2784 | D:4      | Noticed Sigmund
  2793 | D:4      | Splashed by an acid dragon's acid

Illustrated notes

Levels and vault maps discovered:
D:1:      sevenhm_arrival_forest_fort_large_2, layout_basic, serial_shops, shop,
          hex_tiny
D:2:      layout_basic
D:3:      layout_rooms, lemuel_doored_altar, serial_shops,
          nicolae_shop_temple_entry_statues_fountains
D:4:      layout_basic, uniq_sigmund

Skill      XL: |  1  2  3  4 |
---------------+-------------+-----
Shields        | 4 |  4.6
Fighting       | 4 |  4.4
Armour         | 4 |  4.8
Axes           | 3 4 |  4.2
Dodging        | |  0.5

Action                   |  1- 3 |  4- 6 || total
-------------------------+-------+-------++-------
Melee: War axe           |    70 |    51 ||   121
       Headbutt          |     7 |     8 ||    15
  Use: Scroll            |       |     2 ||     2
Armor: Scale mail        |    43 |    23 ||    66
Dodge: Dodged            |    23 |    14 ||    37
Block: Kite shield       |    33 |    38 ||    71

Table legend: (Time is in decaauts)
 A = Elapsed time spent in this place.
 B = Non-inter-level travel time spent in this place.
 C = Inter-level travel time spent in this place.
 D = Time resting spent in this place.
 E = Time spent auto-exploring this place.
 F = Levels seen in this place.
 G = Mean time per level.
                   A        B        C        D        E       F      G
               +--------+--------+--------+--------+--------+-----+--------+
         Total |   2860 |   2858 |      2 |    697 |   1502 |   4 |  715.0 |
       Dungeon |   2860 |   2858 |      2 |    697 |   1502 |   4 |  715.0 |
               +--------+--------+--------+--------+--------+-----+--------+

Top non-repeatable levels by time:
     D:2: 1000 daAuts
     D:3: 985 daAuts
     D:1: 826 daAuts
     D:4: 47 daAuts
